 Dungeon Crawl Stone Soup version 0.28-a0-657-g71136c5590 (webtiles) character file.

Game seed: 1207087761022768307

2292 ytrimaz the Cleaver (level 9, -2/79 HPs)
             Began as a Minotaur Berserker on Oct 12, 2021.
             Was a Priest of Trog.
             Slain by an orc (3 damage)
             ... on level 8 of the Dungeon on Oct 13, 2021.
             The game lasted 00:09:55 (6756 turns).

ytrimaz the Cleaver (Minotaur Berserker)            Turns: 6756, Time: 00:09:55

Health: -2/79      AC: 12    Str: 26    XL:     9   Next: 17%
Magic:  8/8        EV:  9    Int:  4    God:    Trog [***...]
Gold:   52         SH:  0    Dex:  9    Spells: 8/8 levels left

rFire   . . .      SeeInvis .   e - +4 hand axe (vorpal)
rCold   . . .      Faith    .   (no shield)
rNeg    . . .      Spirit   .   c - +0 chain mail
rPois   .          Reflect  .   (helmet restricted)
rElec   .          Harm     .   l - +0 cloak
rCorr   .          Rampage  .   (no gloves)
Will    ++...                   (no boots)
Stlth   ..........              (no amulet)
HPRegen 1.23/turn               p - ring of flight
MPRegen 0.11/turn               (no ring)

@: strong-willed (expiring), on berserk cooldown, flying, regenerating
(expiring), slowed, very slow
A: horns 2, retaliatory headbutt
a: Renounce Religion, Berserk, Trog's Hand


You were on level 8 of the Dungeon.
You worshipped Trog.
Trog was most pleased with you.
You visited 1 branch of the dungeon, and saw 8 of its levels.

You collected 430 gold pieces.
You spent 378 gold pieces at shops.

Inventory:

Hand Weapons
 e - a +4 vorpal hand axe (weapon)
Armour
 c - a +0 chain mail (worn)
 l - a +0 cloak (worn)
Jewellery
 p - a ring of flight (left hand)
Wands
 j - a wand of polymorph (11)
Scrolls
 a - 2 scrolls of identify
 f - 3 scrolls of teleportation
 m - 2 scrolls of magic mapping
 n - 2 scrolls of enchant weapon
 o - a scroll of blinking
 q - a scroll of silence {unknown}
 r - a scroll of summoning
 s - 2 scrolls of enchant armour
Potions
 b - 2 potions of cancellation
 d - 3 potions of haste
 g - a potion of magic
 h - 2 potions of might
 i - a potion of flight
 k - 4 potions of curing
 t - a potion of resistance {unknown}
 u - a potion of mutation {unknown}
 v - a potion of attraction {unknown}


   Skills:
 + Level 7.5 Fighting
 + Level 10.3 Axes
 + Level 7.4 Armour
 + Level 4.1 Dodging
 + Level 2.4 Stealth


You had 8 spell levels left.
You didn't know any spells.
Your spell library was empty.

Dungeon Overview and Level Annotations

Branches:
Dungeon (8/15)             Temple (0/1) D:5
   Lair: D:8-11

Altars:
Dithmenos
Fedhas
Kikubaaqudgha
Qazlal
Yredelemnul

Shops:
D:5 *   D:7 ?


Innate Abilities, Weirdness & Mutations

You have a pair of horns on your head.
You reflexively headbutt those who attack you in melee.


Message History

You are exhausted.
You feel yourself slow down.
Things that are here:
a +0 dagger; a +0 robe The orc warrior closely misses you.
The orc warrior hits you from afar with a +0 glaive.
The orc hits you but does no damage.
Things that are here:
a +0 dagger; a +0 robe The orc warrior hits you from afar with a +0 glaive.
Things that are here:
a +0 whip; a +0 leather armour; an orc corpse A bullfrog comes into view.
The bullfrog croaks.
An orc priest comes into view. It is wielding a +0 hand axe.
The orc hits you with a +2 whip of flaming.
The orc burns you.
You see here a black potion.
The orc priest shouts!
The orc warrior hits you from afar with a +0 glaive. x2
The orc hits you with a +2 whip of flaming.
The orc burns you.
You feel the effects of Trog's Hand fading.
The orc priest invokes the aid of Beogh against you.
Beogh smites you!
The orc hits you with a +2 whip of flaming.
The orc burns you.
The orc warrior hits you from afar with a +0 glaive!
* * * LOW HITPOINT WARNING * * *
The orc misses you.
You feel better.
The orc warrior hits you from afar with a +0 glaive!
* * * LOW HITPOINT WARNING * * *
The orc hits you but does no damage. The orc completely misses you.
The orc warrior hits you from afar with a +0 glaive!
* * * LOW HITPOINT WARNING * * *
The orc hits you with a +2 whip of flaming.
* * * LOW HITPOINT WARNING * * *
The orc burns you.
You die...

....... ..∩.... .........
#......... #.##...... #.#
+........ ...
#.#.#.#)######.#
.......)Fo@.##.#
###...)oo#.##.#
#.#..#o#.##.#
#..)).!#..#.#
.........#..##.#.###
..##.##............# #.
#.###....#..########## ..
.... #.#..#<.........<#
#.
..#.###..........########


You could see an orc warrior, a bullfrog, an orc priest and 2 orcs.

Vanquished Creatures
  Prince Ribbit (D:5)
  Duvessa (D:5)
  A black bear (D:6)
  An ice beast (D:7)
  An orc warrior (D:7)
  An ogre (D:6)
  2 centaurs
  3 kobold brigands
  3 bullfrogs
  3 scorpions
  Dowan (D:5)
  3 hounds
  8 orc priests
  A bullfrog skeleton (D:5)
  A gnoll shaman (D:4)
  2 jellies
  3 iguanas
  3 orc wizards
  A centaur simulacrum (D:8)
  2 hound skeletons (D:5)
  6 adders
  4 gnolls (D:4)
  2 howler monkey skeletons
  A white imp (D:5)
  3 ufetubi
  16 orcs
  A bat (D:2)
  8 endoplasms
  6 giant cockroaches
  5 hobgoblins
  2 quokkas
  6 ball pythons
  2 frilled lizards (D:2)
  3 goblins
  14 kobolds
  3 rats
124 creatures vanquished.

Notes
Turn   | Place    | Note
-------+----------+-------------------------------------------
     0 | D:1      | ytrimaz the Minotaur Berserker began the quest for the Orb.
     0 | D:1      | Reached XP level 1. HP: 19/19 MP: 0/0
   506 | D:1      | Reached skill level 4 in Axes
   506 | D:1      | Reached XP level 2. HP: 27/27 MP: 1/1
  1136 | D:2      | Found a faded altar of an unknown god.
  1179 | D:2      | Reached XP level 3. HP: 19/34 MP: 2/2
  1676 | D:2      | Found a blossoming altar of Fedhas.
  2342 | D:3      | Found a basalt altar of Yredelemnul.
  2376 | D:3      | Reached XP level 4. HP: 33/41 MP: 3/3
  2761 | D:3      | Reached skill level 5 in Axes
  2966 | D:4      | Reached XP level 5. HP: 37/47 MP: 4/4
  2967 | D:4      | Reached ** piety under Trog
  2968 | D:4      | Reached skill level 1 in Stealth
  3050 | D:4      | Upgraded the game from 0.28-a0-655-g4eb62b627b to
                  | 0.28-a0-657-g71136c5590
  3351 | D:4      | Reached skill level 5 in Fighting
  3359 | D:4      | Reached skill level 6 in Axes
  3766 | D:5      | Entered Level 5 of the Dungeon
  3789 | D:5      | Noticed Duvessa
  3789 | D:5      | Noticed Dowan
  3798 | D:5      | Killed Duvessa
  3799 | D:5      | Reached XP level 6. HP: 48/56 MP: 5/5
  3802 | D:5      | Killed Dowan
  4008 | D:5      | Found Viwo's Gadget Gallery.
  4186 | D:5      | Found a staircase to the Ecumenical Temple.
  4213 | D:5      | Reached skill level 7 in Axes
  4213 | D:5      | Reached XP level 7. HP: 45/62 MP: 6/6
  4479 | D:5      | Noticed Prince Ribbit
  4484 | D:5      | Killed Prince Ribbit
  4613 | D:6      | Reached skill level 8 in Axes
  4791 | D:6      | Reached XP level 8. HP: 71/71 MP: 7/7
  4925 | D:6      | Reached skill level 5 in Armour
  5427 | D:7      | Reached skill level 9 in Axes
  5842 | D:7      | Found Nowiu's Magic Scroll Boutique.
  5850 | D:7      | Bought a scroll of teleportation for 42 gold pieces
  5850 | D:7      | Bought a scroll of teleportation for 42 gold pieces
  5850 | D:7      | Bought a scroll of identify for 28 gold pieces
  5850 | D:7      | Bought a scroll of identify for 28 gold pieces
  5850 | D:7      | Bought a scroll of identify for 28 gold pieces
  5850 | D:7      | Bought a scroll of enchant armour for 105 gold pieces
  5850 | D:7      | Bought a scroll of enchant armour for 105 gold pieces
  6254 | D:7      | Found an ancient bone altar of Kikubaaqudgha.
  6254 | D:7      | Found a stormy altar of Qazlal.
  6255 | D:7      | Found a shadowy altar of Dithmenos.
  6616 | D:7      | Reached skill level 10 in Axes
  6652 | D:7      | Reached *** piety under Trog
  6707 | D:8      | Reached XP level 9. HP: 79/79 MP: 8/8
  6756 | D:8      | HP: 1/79 [orc (5)]
  6756 | D:8      | Slain by an orc

Illustrated notes

Levels and vault maps discovered:
D:1:      mushboom_english_gardens, layout_loops_ring
D:2:      layout_basic, shapermc_ecumenical_altar_ellora, basic_altar
D:3:      layout_loops_ring, yredelemnul_altar_generic
D:4:      layout_gridville
D:5:      layout_loops_ring, temple_statues, nicolae_shop_gadgets, uniq_duvessa,
          uniq_prince_ribbit1
D:6:      layout_cave_pools
D:7:      layout_basic, gammafunk_temple_overflow_claw, serial_shops,
          nicolae_lakefront_shop
D:8:      layout_basic, serial_ice, serial_ice_m, serial_ice_n, serial_ice_h,
          serial_ice_a, serial_ice_b, serial_ice_f, minmay_fractal_squares_5,
          uniq_grum

Skill      XL: |  1  2  3  4  5  6  7  8  9 |
---------------+----------------------------+-----
Fighting       | 4 5 6 7 |  7.5
Axes           | 4 5 6 7 8 10 | 10.3
Stealth        | 1 2 |  2.4
Dodging        | 3 4 |  4.1
Armour         | 3 4 6 7 |  7.4

Action                   |  1- 3 |  4- 6 |  7- 9 || total
-------------------------+-------+-------+-------++-------
Melee: Hand axe          |    76 |    48 |   120 ||   244
       Headbutt          |     8 |    11 |    29 ||    48
Invok: Berserk           |       |     1 |     2 ||     3
       Trog's Hand       |       |       |     1 ||     1
  Use: Scroll            |     3 |     5 |     7 ||    15
       Potion            |       |       |     1 ||     1
 Stab: Sleeping          |     1 |       |       ||     1
Armor: Animal skin       |     9 |     5 |       ||    14
       Chain mail        |       |    20 |    64 ||    84
Dodge: Dodged            |    58 |    39 |    59 ||   156

Table legend: (Time is in decaauts)
 A = Elapsed time spent in this place.
 B = Non-inter-level travel time spent in this place.
 C = Inter-level travel time spent in this place.
 D = Time resting spent in this place.
 E = Time spent auto-exploring this place.
 F = Levels seen in this place.
 G = Mean time per level.
                   A        B        C        D        E       F      G
               +--------+--------+--------+--------+--------+-----+--------+
         Total |   6771 |   6548 |    223 |    203 |   5448 |   8 |  846.4 |
       Dungeon |   6771 |   6548 |    223 |    203 |   5448 |   8 |  846.4 |
               +--------+--------+--------+--------+--------+-----+--------+

Top non-repeatable levels by time:
     D:7: 1303 daAuts
     D:2: 1300 daAuts
     D:4: 888 daAuts
     D:1: 885 daAuts
     D:5: 839 daAuts
     D:6: 789 daAuts
     D:3: 699 daAuts
     D:8: 64 daAuts
